Unix NetHack Version 3.7.0-59 Work-in-progress - last build Jun 2 2022 03:59:05 (05420cef104f2102be295c3e72b2481733d3ab8f,branch:master). Game began 2022-06-01 00:19:21, ended 2022-06-04 23:17:52. habib, chaotic female elven Priestess -------------- -------- |............| |.......####### |............| ------ |......|####### |.Y..........-#######@en.>.| |.......# ##.............| |(@..- --------# -.---------.-- ------ # # # # ## ## ## # # #-----.---|----- --------- #..............| |.......| |..............#############...^..<`| |.............| |.......| |.............| |.......| |.............| |.*.....- --------------- --------- Habib the Acolyte St:6 Dx:15 Co:13 In:8 Wi:20 Ch:15 Chaotic S:1234 Dlvl:7 $:0 HP:0(30) Pw:76(76) AC:4 Xp:5/231 T:2915 Hallu Latest messages: You hit the ettin mummy! The hill orc hits! You destroy the master lich! There is an uncursed partly eaten dwarf corpse here; eat it? [ynq] (n) y You resume your meal. You hear a door open. You finish eating the dwarf corpse. In what direction? h The door resists! In what direction? h The door resists! In what direction? h The door resists! In what direction? h The door resists! In what direction? h The door resists! The grue opens a door. In what direction? l The door resists! In what direction? l The door resists! In what direction? l The door resists! You miss the winged gargoyle. The wererat hits! The vampire hits! The orc mummy bites! You hit the tie-thulu. The siren hits! The fox hits! The seesawing sphere bites! Are you sure you want to pray? [yn] (n) y You begin praying to Set. You are surrounded by a shimmering light. The gold golem starts to attack you, but pulls back. The winged gargoyle starts to attack you, but pulls back. The giant rat starts to attack you, but pulls back. You finish your prayer. You feel that Set is pleased as punch. You hit the gold golem! The grind bug hits! The ceiling cat misses! The gooier ooze bites! You hit the Flying Spaghetti Monster! The balrog hits! The lichen just misses! The mumak bites! You die... Do you want your possessions identified? [ynq] (y) q Major events: Turn 1: habib the chaotic elven Priestess entered the dungeon 353: entered the Gnomish Mines 441: attained the rank of Acolyte (level 3) 2915: killed by a hallucinogen-distorted ape Inventory: Weapons a - a blessed corroded +1 mace (weapon in hand) Armor E - an uncursed +0 pair of iron shoes q - an uncursed +0 dwarvish mithril-coat (being worn) Comestibles f - an uncursed sprig of wolfsbane Potions d - 2 potions of holy water u - 3 uncursed potions of water Tools t - an uncursed leather drum i - an uncursed magic marker (0:55) s - an uncursed magic whistle Habib the Priestess's attributes: Background: You were an Acolyte, a level 5 elven Priestess. You were chaotic, on a mission for Set who was opposed by Mitra (lawful) and Crom (neutral). You were in the Dungeons of Doom, on level 7. You entered the dungeon 2915 turns ago. It was nighttime. You had 231 experience points, 89 more were needed to attain level 6. Your score was 1234 before end-of-game adjustments. Basics: You had 0 out of 30 hit points. You had all 76 energy points (spell power). Your armor class was 4. Your wallet was empty. Autopickup was on for '$?!/="' plus thrown, with exceptions. Final Characteristics: Your strength was 6 (peak:10, limit:18). Your dexterity was 15 (limit:18). Your constitution was 13 (limit:16). Your intelligence was 8 (limit:20). Your wisdom was 20 (limit:20). Your charisma was 15 (limit:18). Final Status: You were hallucinating. You were not hungry. You were unencumbered. You were wielding a mace. You were skilled in mace. Final Attributes: You were piously aligned. You were sleep resistant. You were telepathic. You had infravision. You were guarded. You are dead. Miscellaneous: You never encountered a bones level. Total elapsed playing time was 37 minutes and 32 seconds. Vanquished creatures: an orc shaman a shrieker a kobold mummy a gray ooze 2 straw golems a floating eye a kobold leader 5 dwarf zombies 2 iguanas a killer bee a hobbit a hobgoblin 2 giant rats 2 green molds 2 gnomes 2 garter snakes a gecko 4 jackals 2 foxes 3 goblins 3 sewer rats 5 grid bugs a lichen 2 kobold zombies 4 newts 51 creatures vanquished. No species were genocided or became extinct. Voluntary challenges: You read items or engraved 10 times. You engraved Elbereth 5 times. You never genocided any monsters. You never polymorphed an object. You never changed form. You used no wishes. Achievements: You entered the Gnomish Mines. You attained the rank of Acolyte. You entered a shop. The Dungeons of Doom: levels 1 to 7 Level 1: Level 2: Stairs down to The Gnomish Mines. Level 3: "lawful altar" An altar, a sink. Level 4: A fountain, some graves. Level 5: A fountain, a grave. Level 6: "gen store" A general store, a fountain, a grave. Level 7: <- You were here. Final resting place for you, killed by a hallucinogen-distorted ape. The Gnomish Mines: Level 3: Game over: ---------- / \ / REST \ / IN \ / PEACE \ / \ | habib | | 0 Au | | killed by a | | hallucinogen-dis | | torted ape | | | | 2022 | *| * * * | * _________)/\\_//(\/(/\)/\//\/|_)_______ Goodbye habib the Priestess... You died in The Dungeons of Doom on dungeon level 7 with 1234 points, and 0 pieces of gold, after 2915 moves. You were level 5 with a maximum of 30 hit points when you died.